 Dungeon Crawl Stone Soup version 0.30.0-30-g96aa6591b8 (webtiles) character file.

Game seed: 13904027728928570290

89 Pepete the Covered (level 4, -4/31 HPs)
             Began as a Human Fighter on June 28, 2023.
             Slain by an orc priest
             ... wielding a +0 whip
              (8 damage)
             ... on level 2 of the Dungeon.
             The game lasted 00:03:56 (2410 turns).

Pepete the Covered (Human Fighter)                  Turns: 2410, Time: 00:03:56

Health: -4/31      AC:  7    Str: 18      XL:     4   Next: 84%
Magic:  0/4        EV:  9    Int:  5 (6)  God:
Gold:   111        SH:  4    Dex: 12 (13) Spells: 3/3 levels left

rFire   . . .        a - +0 long sword
rCold   . . .        c - +0 buckler
rNeg    . . .        b - +0 scale mail
rPois   .            (no helmet)
rElec   +            (no cloak)
rCorr   .            (no gloves)
SInv    .            (no boots)
Will    +....        k - amulet of guardian spirit Stlth
                     j - ring of willpower
HPRegen 0.25/turn    (no ring)
MPRegen 0.09/turn

%: guardian spirit
@: mighty, hasted, unable to read, very quick
A: dopey 1, frail 1, electricity resistance, inability to read after injury 1
a: no special abilities


You were on level 2 of the Dungeon.
You visited 1 branch of the dungeon, and saw 3 of its levels.

You collected 111 gold pieces.

Inventory:

Hand Weapons
 a - a +0 long sword (weapon)
Armour
 b - a +0 scale mail (worn)
 c - a +0 buckler (worn)
Jewellery
 j - a ring of willpower (left hand)
 k - an amulet of guardian spirit (around neck)
Scrolls
 f - a scroll of magic mapping
 g - 5 scrolls of identify
 i - a scroll of teleportation
 l - a scroll of fog
 o - a scroll of enchant weapon {unknown}
Potions
 e - a potion of haste
 h - 2 potions of magic


   Skills:
 + Level 3.3 Fighting
 * Level 3.3 Long Blades
 * Level 3.8 Armour
 + Level 0.6 Dodging
 + Level 3.1 Shields


You had 3 spell levels left.
You didn't know any spells.
Your spell library contained the following spells:

 Spells                   Type           Power      Damage    Failure   Level
 Summon Guardian Golem    Hex/Summ       0%         N/A       99%         3
 Orb of Destruction       Conj           0%         9d5       100%        7
 Spellforged Servitor     Conj/Summ      0%         N/A       100%        7


Dungeon Overview and Level Annotations

Branches:
Dungeon (3/15)

Altars:
Ashenzari

Shops:
D:1 =   D:3 (


Innate Abilities, Weirdness & Mutations

You are dopey. (Int -2)
You are frail. (-10% HP)
You are resistant to electric shocks. (rElec)
You occasionally lose the ability to read scrolls when taking damage.


Message History

The orc priest is heavily wounded.
The orc completely misses you. The orc barely misses you.
The orc priest hits you with a +0 whip. You block the orc's attack.
You hit the orc priest.
The orc priest is almost dead.
The orc misses you. The orc hits you with a +0 club.
The orc priest hits you with a +0 whip. You block the orc's attack.
You completely miss the orc priest.
The orc priest is almost dead.
The orc barely misses you. The orc hits you with a +0 hand axe.
You block the orc priest's attack. The orc hits you but does no damage.
The orc hits you with a +0 hand axe. The orc completely misses you.
The orc priest drinks a potion.
The orc priest seems to grow stronger.
The orc hits you but does no damage. The orc attacks as you move away!
The orc barely misses you.
The orc priest attacks as you move away!
The orc priest hits you with a +0 whip. The orc closely misses you.
The orc priest calls down the wrath of Beogh upon you.
Beogh smites you!
* * * LOW HITPOINT WARNING * * *
The orc hits you with a +0 flail.
You feel threatened and lose the ability to read scrolls!
* * * LOW HITPOINT WARNING * * *
Things that are here:
a +0 whip; a potion of mutation; a kobold corpse A hobgoblin comes into view.
You can read scrolls again.
The hobgoblin shouts!
There is a stone staircase leading up here.
The orc hits you but does no damage. The orc priest barely misses you.
The orc barely misses you.
You climb upwards.
There is a stone staircase leading down here.
You feel very mighty all of a sudden. The orc completely misses you.
The orc priest casts a cantrip, but nothing happens.
You feel yourself speed up. The orc hits you but does no damage.
The orc priest hits you with a +0 whip!
You feel threatened and lose the ability to read scrolls!
You die...

########## #########
#........# #.......#
#........# #.......#
#........##### #.......#
#............###.......#
#.......(...............
#######......###.......#
#.o....# #.......#
#@...### #########
#######o#### #.....#.#
#.....#.# #.....#.#######
#####.....#.......# #####
#.........###.###.####...#
#.............##.........#
#.....#.########.........#


You could see an orc priest (strong) and an orc (fast).

Vanquished Creatures
  Robin (D:2)
  2 adders
  7 ball pythons
  An endoplasm (D:3)
  A giant cockroach (D:2)
  11 goblins
  8 hobgoblins
  11 jackals
  3 kobolds
  2 quokkas
  3 frilled lizards
  2 rats (D:3)
52 creatures vanquished.

Notes
Turn   | Place    | Note
-------+----------+-------------------------------------------
     0 | D:1      | Pepete the Human Fighter began the quest for the Orb.
     0 | D:1      | Reached XP level 1. HP: 18/18 MP: 1/1
   161 | D:1      | Reached XP level 2. HP: 22/24 MP: 2/2
   556 | D:1      | Reached XP level 3. HP: 25/29 MP: 3/3
   589 | D:1      | Found Wenugeori's Jewellery Shop.
   769 | D:2      | You fall into a shaft and drop 1 floor!
  1226 | D:3      | Found Goekk's Weapon Emporium.
  1256 | D:2      | Reached XP level 4. HP: 27/35 MP: 4/4
  1719 | D:2      | Noticed Robin
  1727 | D:2      | Killed Robin
  2315 | D:2      | Found a broken altar of Ashenzari.
  2352 | D:2      | Gained mutation: You are dopey. (Int -2) [potion of
                  | mutation]
  2352 | D:2      | Gained mutation: You occasionally lose the ability to read
                  | scrolls when taking damage. [potion of mutation]
  2352 | D:2      | Gained mutation: You are frail. (-10% HP) [potion of
                  | mutation]
  2352 | D:2      | Gained mutation: You are resistant to electric shocks.
                  | (rElec) [potion of mutation]
  2410 | D:2      | Slain by an orc priest

Illustrated notes

Levels and vault maps discovered:
D:1:      tekkud_arrival_beachfront_property, layout_rooms, serial_shops,
          nicolae_shop_back_alley_shop
D:2:      layout_basic, basic_altar, uniq_robin
D:3:      layout_rooms, nicolae_ru_path_of_blood, serial_shops, shop

Skill      XL: |  1  2  3  4 |
---------------+-------------+-----
Long Blades    | 3 |  3.3
Fighting       | |  3.3
Armour         | |  3.8
Dodging        | |  0.6
Shields        | |  3.1

Action                     |  1- 3 |  4- 6 || total
---------------------------+-------+-------++-------
  Melee: Long sword        |   106 |    64 ||   170
    Use: Scroll            |     5 |       ||     5
         Potion            |     1 |     5 ||     6
 Armour: Scale mail        |    62 |    30 ||    92
  Dodge: Dodged            |    68 |    38 ||   106
  Block: Buckler           |    30 |    21 ||    51
